 Dungeon Crawl Stone Soup version 0.27.1-33-g824d729ab1 (webtiles) character file.

Game seed: 4319295703640119820

319 pkoi the Ruffian (level 6, -4/47 HPs)
             Began as a Draconian Artificer on Dec 21, 2021.
             Was an Initiate of Okawaru.
             Slain by Edmund (6 damage)
             ... on level 3 of the Dungeon.
             The game lasted 00:04:02 (4949 turns).

pkoi the Ruffian (Draconian Artificer)              Turns: 4949, Time: 00:04:03

Health: -4/47      AC:  9    Str: 15    XL:     6   Next: 21%
Magic:  6/6        EV: 12    Int: 13    God:    Okawaru [......]
Gold:   138        SH:  0    Dex: 11    Spells: 5/5 levels left

rFire    . . .     SeeInvis .     - Unarmed
rCold    . . .     Faith    .   (no shield)
rNeg     . . .     Spirit   .   (armour unavailable)
rPois    .         Reflect  .   (helmet restricted)
rElec    .         Harm     .   (no cloak)
rCorr    .         Rampage  .   m - +1 pair of gloves
Will     .....                  l - +0 pair of boots
Stlth    +.........             (no amulet)
HPRegen  0.15/turn              (no ring)
MPRegen  0.10/turn              (no ring)

@: lethally poisoned (-4 -> -15)
A: AC +6, unfitting armour, cold-blooded
a: Renounce Religion


You were on level 3 of the Dungeon.
You worshipped Okawaru.
Okawaru was noncommittal.
You visited 2 branches of the dungeon, and saw 5 of its levels.

You collected 138 gold pieces.

Inventory:

Hand Weapons
 a - a +0 club
 e - a +0 short sword
 j - a +2 dagger of draining
Missiles
 i - 3 atropa-tipped darts
 k - 12 poisoned darts
Armour
 l - a +0 pair of boots (worn)
 m - a +1 pair of gloves (worn)
Wands
 b - a wand of flame (4) (quivered)
 c - a wand of charming (15)
Scrolls
 g - 3 scrolls of identify
 h - a scroll of vulnerability {unknown}
Potions
 f - 2 potions of lignification
Miscellaneous
 d - a piece from Xom's chessboard (9/15)


   Skills:
 - Level 1.1 Fighting
 - Level 2.1 Dodging
 - Level 0.8 Stealth
 * Level 5.0 Unarmed Combat
 + Level 4.6 Evocations


You had 5 spell levels left.
You didn't know any spells.
Your spell library was empty.

Dungeon Overview and Level Annotations

Branches:
Dungeon (4/15)             Temple (1/1) D:4

Altars:
Cheibriados
Dithmenos
Elyvilon
Gozag
Kikubaaqudgha
Nemelex Xobeh
Okawaru
Qazlal
Trog
Vehumet
Wu Jian
Zin

Annotations:
D:3 Edmund


Innate Abilities, Weirdness & Mutations

Your plain brown scales are hard. (AC +6)
You cannot fit into any form of body armour.
You are cold-blooded and may be slowed by cold attacks.


Message History

You are no longer poisoned.
There is a stone staircase leading up here.
Edmund hits you but does no damage.
You are poisoned.
You climb upwards.
You feel sick.
There is a stone staircase leading down here.
You feel sick.
You feel sick.
You make a move on Xom's chessboard...
Edmund twists and deforms.
You feel sick. Edmund closely misses you.
You make a move on Xom's chessboard...
Edmund is outlined in light.
You feel sick.
You are no longer poisoned.
Edmund closely misses you.
Unknown command.
You make a move on Xom's chessboard...
Edmund struggles to resist.
Edmund is no longer unusually resistant.
Edmund completely misses you.
Unknown command.
Edmund stops glowing.
Edmund says, "What use are spells, anyway?"
Edmund asks, "Have you met my wondrous brother?"
You make a move on Xom's chessboard...
Edmund seems to speed up.
Edmund hits you but does no damage.
You are poisoned.
Edmund hits you but does no damage.
You are lethally poisoned!
Unknown command.
You make a move on Xom's chessboard...
Edmund struggles to resist.
* * * LOW HITPOINT WARNING * * *
You feel very sick. Edmund barely misses you.
Unknown command.
You make a move on Xom's chessboard...
Edmund twists and deforms.
* * * LOW HITPOINT WARNING * * *
You feel very sick.
Edmund hits you with a +1 dire flail of venom.
* * * LOW HITPOINT WARNING * * *
Edmund hits you with a +1 dire flail of venom.
You die...

######.### #..# #.#
#.## #.# #†# #.# #.#
#.# ##.# #.# #..#
#.# #.##
#.################.#
#...@@.............#
####################


You could see Edmund (fast, misshapen).

Vanquished Creatures
  An ogre (D:4)
  A wight (D:4)
  A centaur skeleton (D:4)
  Natasha (thrice) (D:3)
  2 adders
  5 dart slugs
  2 orcs (D:3)
  A ball python (D:2)
  4 endoplasms
  4 giant cockroaches
  3 goblins
  9 hobgoblins
  11 quokkas
  8 bats
  5 kobolds
  5 rats
65 creatures vanquished.

Notes
Turn   | Place    | Note
-------+----------+-------------------------------------------
     0 | D:1      | pkoi the Draconian Artificer began the quest for the Orb.
     0 | D:1      | Reached XP level 1. HP: 16/16 MP: 1/1
   202 | D:1      | Reached skill level 1 in Unarmed Combat
   593 | D:1      | Reached XP level 2. HP: 7/23 MP: 2/2
  1706 | D:2      | Reached skill level 2 in Unarmed Combat
  1755 | D:2      | Reached XP level 3. HP: 28/28 MP: 3/3
  2398 | D:3      | Noticed Natasha
  2411 | D:3      | Killed Natasha
  2412 | D:3      | Reached skill level 3 in Unarmed Combat
  2412 | D:3      | Reached XP level 4. HP: 29/35 MP: 4/4
  2731 | D:3      | Noticed Natasha
  2743 | D:3      | Killed Natasha
  2948 | D:3      | Found a faded altar of an unknown god.
  3043 | D:3      | Noticed Natasha
  3056 | D:3      | Killed Natasha
  3057 | D:3      | Reached XP level 5. HP: 35/40 MP: 5/5
  3333 | D:3      | Found an ornate altar of the Wu Jian Council.
  3406 | D:3      | Reached skill level 4 in Unarmed Combat
  3798 | D:4      | Found a staircase to the Ecumenical Temple.
  3812 | Temple   | Entered the Ecumenical Temple
  3927 | Temple   | Became a worshipper of Warmaster Okawaru
  3946 | D:4      | Found a white marble altar of Elyvilon.
  4363 | D:4      | Noticed an ogre
  4375 | D:4      | Killed an ogre
  4376 | D:4      | Reached skill level 5 in Unarmed Combat
  4376 | D:4      | Reached XP level 6. HP: 8/47 MP: 6/6
  4862 | D:4      | Found a stormy altar of Qazlal.
  4906 | D:4      | Noticed Edmund
  4949 | D:3      | HP: 2/47 [Edmund (5)]
  4949 | D:3      | Slain by Edmund

Illustrated notes

Levels and vault maps discovered:
D:1:      elethiomel_arrival_maze, layout_basic
D:2:      layout_rooms
D:3:      layout_rooms, mainiacjoe_overflow_catwalk,
          shapermc_ecumenical_altar_totnotflames, minivault_5, uniq_natasha
D:4:      layout_basic, grunt_qazlal_clouds, lemuel_crystal_altar,
          minmay_temple_entry_statues_fountains, uniq_duvessa, uniq_edmund,
          uniq_blork_the_orc
Temple:   nicolae_temple_figure_zero

Skill      XL: |  1  2  3  4  5 |
---------------+----------------+-----
Unarmed Combat | 1 2 3 5 |  5.0
Evocations     | 4 |  4.6
Fighting       | |  1.1
Dodging        | |  2.1
Stealth        | |  0.8

Action                   |  1- 3 |  4- 6 || total
-------------------------+-------+-------++-------
Melee: Club              |    26 |       ||    26
       Tailslap          |    13 |    13 ||    26
       Short sword       |    87 |       ||    87
       Punch             |     2 |     3 ||     5
       Dagger            |    31 |    62 ||    93
       Unarmed           |       |    30 ||    30
Evoke: Wand              |     3 |     8 ||    11
       Piece from Xom's  |       |     6 ||     6
  Use: Scroll            |       |     2 ||     2
 Stab: Sleeping          |     4 |     1 ||     5
Armor: Skin              |    61 |    26 ||    87
Dodge: Dodged            |    92 |    59 ||   151
